 Dungeon Crawl Stone Soup version 0.21.0-3-g78d12a8 (webtiles) character file.

5313 tidbits the Covert (level 10, -4/55 HPs)
             Began as a Vine Stalker Wizard on Jan 10, 2018.
             Was a Believer of Cheibriados.
             Slain by a green ugly thing (8 damage)
             ... on level 12 of the Dungeon.
             The game lasted 00:54:46 (4654 turns).

tidbits the Covert (Vine Stalker Wizard)            Turns: 4654, Time: 00:54:47

Health: -4/55      AC:  7    Str: 17    XL:     10   Next: 64%
Magic:  0/15       EV: 16    Int: 26    God:    Cheibriados [**....]
Gold:   480        SH:  6    Dex: 20    Spells: 6/17 levels left

rFire    + . .     SeeInvis +   b - +4 morningstar
rCold    + . .     Gourm    .   D - +0 buckler (curse)
rNeg     . . .     Faith    .   B - +1 leather armour of Valour {rF+} (curse)
rPois    .         Spirit   +   E - +0 hat
rElec    .         Reflect  .   (no cloak)
rCorr    .         Harm     .   G - +0 pair of gloves
MR       ++...     Rnd*Rage +   (no boots)
Stlth    ++++......             R - amulet "Nisun" {rC+ Regen+ Int+2}
HPRegen  0.98/turn              I - ring of see invisible
MPRegen  0.14/turn              V - +2 ring of evasion

@: very slow
A: fangs 3, iridescent scales 1, agile 1, berserk 1, low mp 1, magic resistance
1, regeneration 1, wild magic 1, evolution 1, magic shield, antimagic bite, no
potion heal 3, rot immunity
a: Bend Time, Renounce Religion


You were on level 12 of the Dungeon.
You worshipped Cheibriados.
Cheibriados was pleased with you.
You were not hungry.

You visited 2 branches of the dungeon, and saw 13 of its levels.

You collected 480 gold pieces.

Inventory:

Hand Weapons
 a - a +0 dagger
 b - a +4 morningstar (weapon)
 e - a +0 flail
 j - a +0 short sword
 k - a +1 hand axe of flaming
   (You found it on level 5 of the Dungeon)
 q - a cursed +3 battleaxe of freezing
   (You took it off a wight on level 10 of the Dungeon)
 s - a cursed +0 great sword
 u - a +0 hunting sling
 x - a +0 falchion
 H - a +0 war axe
 T - a +3 falchion
 U - a +1 morningstar
Missiles
 g - 17 stones
 t - 134 arrows
 C - a throwing net {!f}
 W - 6 javelins (quivered)
 X - 2 javelins of returning
Armour
 f - a +0 robe
 A - a +0 ring mail
 B - the cursed +1 leather armour of Valour (worn) {rF+}
   (You found it on level 6 of the Dungeon)

   It protects you from fire.
   It has a curse placed upon it.
 D - a cursed +0 buckler (worn)
 E - a +0 hat (worn)
 F - a -1 leather armour
 G - a +0 pair of gloves (worn)
 J - a +0 ring mail
 L - a +2 scale mail of poison resistance
   (You found it on level 4 of the Dungeon)
 Q - a +0 robe
Jewellery
 l - an uncursed ring of magical power
   (You found it on level 2 of the Dungeon)
 n - a +4 amulet of reflection
   (You found it on level 5 of the Dungeon)
 o - an uncursed ring of protection from fire
   (You found it on level 5 of the Dungeon)
 I - a ring of see invisible (left hand)
   (You found it on level 9 of the Dungeon)
 P - an uncursed ring of poison resistance
   (You found it on level 3 of the Dungeon)
 R - the amulet "Nisun" (around neck) {rC+ Regen+ Int+2}
   (You found it on level 4 of the Dungeon)

   [amulet of regeneration]

   It affects your intelligence (+2).
   It protects you from cold.
   It increases your rate of regeneration.
 V - a +2 ring of evasion (right hand)
   (You found it on level 2 of the Dungeon)
 Y - an uncursed amulet of the gourmand {unknown}
   (You found it on level 11 of the Dungeon)
Wands
 p - a wand of random effects (27)
Scrolls
 h - a scroll of fog {unknown}
 m - 2 scrolls of enchant armour {unknown}
 r - 4 scrolls of remove curse
 v - a scroll of amnesia
 w - a scroll of random uselessness {unknown}
 y - a scroll of enchant weapon
 z - a scroll of immolation {unknown}
 M - a scroll of blinking {unknown}
Potions
 i - a potion of curing
 N - a potion of brilliance
 O - a potion of cancellation {unknown}
 S - a potion of resistance
Books
 d - a book of Minor Magic

   Spells                             Type                      Level
   a - Magic Dart                     Conjuration                  1
   b - Blink                          Translocation                2
   c - Call Imp                       Summoning                    2
   d - Slow                           Hexes                        2
   e - Conjure Flame                  Conjuration/Fire             3
   f - Mephitic Cloud                 Conjuration/Poison/Air       3
Comestibles
 c - 20 rations
 K - 4 chunks of flesh


   Skills:
 + Level 7.2 Fighting
 + Level 3.7 Dodging
 - Level 9.2 Stealth
 - Level 4.3 Shields
 - Level 4.0 Spellcasting
 - Level 5.6 Conjurations
 - Level 1.0 Summonings
 - Level 1.0 Translocations
 - Level 3.4 Air Magic
 - Level 3.4 Poison Magic
 - Level 4.5 Invocations


You had 6 spell levels left.
You knew the following spells:

 Your Spells              Type           Power        Failure   Level  Hunger
a - Magic Dart            Conj           ####         2%          1    None
b - Blink                 Tloc           N/A          16%         2    None
c - Conjure Flame         Conj/Fire      ####....     14%         3    ##.....
i - Call Imp              Summ           ##......     16%         2    None
m - Mephitic Cloud        Conj/Pois/Air  #####...     9%          3    ##.....


Dungeon Overview and Level Annotations

Branches:
Dungeon (12/15)            Temple (1/1) D:5
   Lair: D:8-11         Orc: D:9-12

Altars:
Ashenzari
Cheibriados
Dithmenos
Elyvilon
Fedhas
Makhleb
Okawaru
Trog
Uskayaw
Vehumet
Xom
Yredelemnul

Annotations:
D:3 1 runed door
D:4 kegs's ghost, amateur HOFi
D:8 exclusions: centaur, ogre and skeleton, Joseph
D:10 exclusions: deep elf mage and downstairs
D:11 exclusion: acid dragon
D:12 exclusion: ugly thing


Innate Abilities, Weirdness & Mutations

You have razor-sharp teeth.
Your natural rate of healing is unusually fast.
When hurt, damage is shared between your health and your magic reserves.
Your bite disrupts and absorbs the magic of your enemies.
Potions cannot restore your health.
You are immune to rotting.
You are partially covered in iridescent scales. (AC +2)
You are agile. (Dex +2)
You tend to lose your temper in combat.
Your magical capacity is low. (-10% MP)
You are resistant to hostile enchantments. (MR+)
Your spells are a little harder to cast, but a little more powerful.
You evolve.


Message History

a giant club x2; a two-headed ogre corpse You butcher the two-headed ogre corpse.
K - 4 chunks of flesh
Things that are here:
a giant club x2
There is an open door, spattered with blood here.
Things that are here:
a dire flail; a giant club You now have 480 gold pieces (gained 15).
There are no items here.
You open the door.
There is an open door here.
Found a stone staircase leading up.
You open the door.
You hear the brisk ticking of a distant clock.
There is an open door here.
There is an open door here.
A vampire mosquito comes into view.
The vampire mosquito moves out of view.
There is an open door here.
Evoke which item? (* to show all) (? for menu, Esc to quit)
Okay, then.
There is an open door here.
A vampire mosquito comes into view.
The vampire mosquito moves out of view.
Unknown command.
You hear the urgent ticking of a distant clock.
There is an open door here.
You open the door.
There is an open door here.
You open the door.
There is an open door here.
You open the door.
There is an open door here.
There is an open door here.
You hear the urgent ticking of a clock.
There is an open door here.
Really walk into a travel-excluded area?
Wield which item (- for none, * to show all)? (? for menu, Esc to quit)
a - a +0 dagger (weapon)
The helpless green ugly thing fails to defend itself.
You stick the green ugly thing like a pincushion!!!
You bite the green ugly thing. You drain its power.
The green ugly thing is severely wounded.
The green ugly thing bites you!
Wield which item (- for none, * to show all)? (? for menu, Esc to quit)
Okay, then.
You fail to use your ability.
The green ugly thing bites you.
You are poisoned.
The green ugly thing poisons you! The flow of time bends around you.
The green ugly thing resists with some effort.
You feel slightly more hungry.
You feel sick. The green ugly thing bites you.
The flow of time bends around you.
Cheibriados rebukes the green ugly thing.
The green ugly thing seems to slow down.
You feel slightly more hungry.
You feel sick. The green ugly thing barely misses you.
Wield which item (- for none, * to show all)? (? for menu, Esc to quit)
b - a +4 morningstar (weapon)
You feel sick.
You closely miss the green ugly thing.
The green ugly thing is severely wounded.
You feel very sick. The green ugly thing bites you!
You are more poisoned.
The green ugly thing poisons you!
Unknown command.
You sock the green ugly thing!
The green ugly thing is severely wounded.
You feel very sick.
You block the green ugly thing's attack.
You puncture the green ugly thing! Your bite misses the green ugly thing.
The green ugly thing is almost dead.
You feel very sick. The green ugly thing bites you.
* * * LOW HITPOINT WARNING * * *
You barely miss the green ugly thing. Your bite misses the green ugly thing.
The green ugly thing is almost dead.
You feel very sick. The green ugly thing bites you!
* * * LOW HITPOINT WARNING * * *
You block the green ugly thing's attack.
You closely miss the green ugly thing. Your bite misses the green ugly thing.
The green ugly thing is almost dead.
* * * LOW HITPOINT WARNING * * *
You feel very sick. The green ugly thing bites you!
* * * LOW HITPOINT WARNING * * *
Your system rejects the healing.
You feel better.
The green ugly thing is no longer moving slowly.
Unknown command.
Unknown command.
Unknown command.
You don't have enough magic at the moment.
You hit the green ugly thing. You bite the green ugly thing!
You drain its power.
You feel invigorated.
The green ugly thing is almost dead.
The green ugly thing bites you!
You die...

#.... #.... #.... ####### #....
#...... #....###### #......
#.........# #......
+##.........######......
.......@..........#'####
......u...........#.....
...####...........#..... .
#..######......#.....
###########.......#......#.....
##.........#.......#......#####'
..........##..##...#......#.....
..........##..##...#......#.....
##....##...#..##...#......######


You could see a green ugly thing.

Vanquished Creatures
  2 two-headed ogres (D:12)
  A hippogriff (D:10)
  9 yaks
  A wyvern (D:11)
  2 phantoms
  3 ice beasts
  3 black bears (D:10)
  3 sky beasts (D:9)
  2 centaurs
  An ogre (D:9)
  4 bullfrogs
  7 killer bees
  4 wights (D:10)
  2 howler monkeys (D:10)
  3 crimson imps
  3 orc priests
  A hound (D:9)
  2 orc wizards
  A worker ant (D:11)
  A hound zombie (D:11)
  A hound skeleton (D:5)
  9 adders
  2 shadow imps
  2 worms
  3 dart slugs
  2 leopard geckos
  9 orcs
  3 ball pythons
  A giant cockroach (D:3)
  9 goblins
  4 hobgoblins
  4 jackals (D:4)
  3 kobolds
  6 quokkas
  6 bats
  2 frilled lizards
  A goblin skeleton (D:11)
  A goblin zombie (D:11)
  A jackal skeleton (D:4)
  An orc zombie (D:11)
  9 rats
134 creatures vanquished.

Vanquished Creatures (collateral kills)
  A hungry ghost (D:9)
  An ogre (D:9)
  A scorpion (D:9)
  A killer bee (D:9)
  A crimson imp (D:6)
  A centaur skeleton (D:10)
  An iguana (D:9)
  2 adders
9 creatures vanquished.

Grand Total: 143 creatures vanquished

Notes
Turn   | Place    | Note
-------+----------+-------------------------------------------
     0 | D:1      | tidbits the Vine Stalker Wizard began the quest for the Orb.
     0 | D:1      | Reached XP level 1. HP: 9/9 MP: 5/5
   190 | D:2      | Reached XP level 2. HP: 13/14 MP: 5/7
   256 | D:1      | Reached skill level 1 in Fighting
   256 | D:1      | Reached skill level 3 in Stealth
   486 | D:3      | Reached XP level 3. HP: 18/18 MP: 8/8
   687 | D:4      | Found a radiant altar of Vehumet.
   691 | D:4      | Identified Vehumet's Collected Works on Conjuration
   696 | D:4      | Learned a level 2 spell: Call Imp
   705 | D:5      | Entered Level 5 of the Dungeon
   750 | D:5      | Found a hide-covered altar of Uskayaw.
   794 | D:5      | Gained mutation: Your spells are a little harder to cast, but a little more powerful. [potion of mutation]
   794 | D:5      | Gained mutation: You tend to lose your temper in combat. [potion of mutation]
   794 | D:5      | Gained mutation: You are partially covered in iridescent scales. (AC +2) [potion of mutation]
   794 | D:5      | Gained mutation: You evolve. [potion of mutation]
   835 | D:4      | Noticed kegs's ghost (amateur HOFi)
   875 | D:5      | Reached skill level 2 in Fighting
   875 | D:5      | Reached skill level 4 in Stealth
   966 | D:5      | Found a staircase to the Ecumenical Temple.
   975 | Temple   | Entered the Ecumenical Temple
   986 | Temple   | Became a worshipper of Cheibriados the Contemplative
  1014 | D:5      | Gained mutation: Your natural rate of healing is unusually fast. [Vine Stalker growth]
  1014 | D:5      | Reached XP level 4. HP: 22/23 MP: 9/9
  1052 | D:6      | Noticed a bullfrog
  1267 | D:4      | Got a transparent bone amulet
  1275 | D:4      | Identified the amulet "Nisun" {rC+ Regen+ Int+2} (You found it on level 4 of the Dungeon)
  1357 | D:5      | Reached skill level 5 in Stealth
  1357 | D:5      | Reached XP level 5. HP: 28/28 MP: 9/10
  1369 | D:5      | Reached skill level 3 in Fighting
  1466 | D:4      | Noticed an ogre
  1496 | D:3      | Found a runed door.
  1496 | D:3      | Noticed a human
  1510 | D:3      | Found a basalt altar of Yredelemnul.
  1624 | D:2      | Reached * piety under Cheibriados
  1714 | D:2      | Gained mutation: You are agile. (Dex +2) [evolution]
  1782 | D:2      | Learned a level 3 spell: Mephitic Cloud
  2035 | D:4      | Reached XP level 6. HP: 32/32 MP: 12/12
  2141 | D:6      | Found a shattered altar of Ashenzari.
  2176 | D:6      | Found a bloodstained altar of Trog.
  2191 | D:6      | Found an iron altar of Okawaru.
  2220 | D:6      | Got a slimy leather armour
  2238 | D:6      | Identified the cursed +1 leather armour of Valour {rF+} (You found it on level 6 of the Dungeon)
  2252 | D:6      | Noticed an ice beast
  2256 | D:6      | Reached skill level 6 in Stealth
  2256 | D:6      | Reached skill level 4 in Spellcasting
  2274 | D:6      | Killed an ice beast
  2274 | D:6      | Reached skill level 4 in Fighting
  2274 | D:6      | Reached XP level 7. HP: 30/37 MP: 6/14
  2411 | D:7      | Noticed a two-headed ogre
  2430 | D:8      | Found a blossoming altar of Fedhas.
  2507 | D:8      | Reached skill level 1 in Invocations
  2517 | D:8      | Reached skill level 7 in Stealth
  2551 | D:8      | Noticed Joseph
  2639 | D:8      | Reached skill level 2 in Invocations
  2739 | D:8      | Gained mutation: You have razor-sharp teeth. [Vine Stalker growth]
  2739 | D:8      | Reached XP level 8. HP: 42/42 MP: 15/15
  2748 | D:8      | Found a shimmering altar of Xom.
  2754 | D:8      | Found a shadowy altar of Dithmenos.
  2823 | D:10     | Entered Level 10 of the Dungeon
  2824 | D:10     | Reached skill level 5 in Fighting
  2837 | D:10     | Noticed a yak
  2837 | D:10     | Noticed a yak
  2837 | D:10     | Noticed a yak
  2947 | D:8      | Reached ** piety under Cheibriados
  2947 | D:8      | Reached skill level 8 in Stealth
  3078 | D:9      | Gained mutation: Your magical capacity is low. (-10% MP) [evolution]
  3117 | D:9      | Reached skill level 3 in Invocations
  3250 | D:9      | Noticed a yak
  3251 | D:9      | Noticed a yak
  3252 | D:9      | Noticed a yak
  3254 | D:9      | Noticed a yak
  3266 | D:9      | Killed a yak
  3271 | D:9      | Killed a yak
  3275 | D:9      | Killed a yak
  3275 | D:9      | Reached skill level 4 in Invocations
  3280 | D:9      | Killed a yak
  3280 | D:9      | Reached skill level 6 in Fighting
  3280 | D:9      | Reached skill level 9 in Stealth
  3510 | D:9      | Reached XP level 9. HP: 41/48 MP: 3/14
  3524 | D:9      | Reached skill level 1 in Air Magic
  3524 | D:9      | Reached skill level 1 in Poison Magic
  3551 | D:9      | Reached skill level 1 in Shields
  3559 | D:9      | Reached skill level 2 in Shields
  3645 | D:9      | Reached skill level 2 in Conjurations
  3655 | D:9      | Reached skill level 3 in Shields
  3856 | D:10     | Reached skill level 3 in Conjurations
  3961 | D:10     | Reached skill level 4 in Shields
  3961 | D:10     | Reached skill level 4 in Conjurations
  3970 | D:10     | Learned a level 3 spell: Conjure Flame
  3973 | D:10     | Learned a level 2 spell: Blink
  4063 | D:10     | Found a burning altar of Makhleb.
  4063 | D:10     | Noticed a deep elf mage
  4157 | D:10     | Reached skill level 2 in Air Magic
  4157 | D:10     | Reached skill level 2 in Poison Magic
  4192 | D:10     | Reached skill level 5 in Conjurations
  4250 | D:11     | Reached XP level 10. HP: 53/53 MP: 7/15
  4269 | D:11     | Reached skill level 3 in Air Magic
  4269 | D:11     | Reached skill level 3 in Poison Magic
  4341 | D:11     | Noticed a cyan ugly thing
  4377 | D:11     | Reached skill level 2 in Dodging
  4384 | D:11     | Noticed a two-headed ogre
  4386 | D:11     | Gained mutation: You are resistant to hostile enchantments. (MR+) [evolution]
  4482 | D:12     | Noticed a green ugly thing
  4497 | D:12     | Noticed a two-headed ogre
  4512 | D:12     | Noticed a two-headed ogre
  4520 | D:12     | Killed a two-headed ogre
  4520 | D:12     | Reached skill level 3 in Dodging
  4521 | D:12     | Killed a two-headed ogre
  4521 | D:12     | Reached skill level 7 in Fighting
  4652 | D:12     | HP: 1/55 [green ugly thing (9)]
  4654 | D:12     | Slain by a green ugly thing

Skill      XL: |  1  2  3  4  5  6  7  8  9 10 |
---------------+-------------------------------+-----
Fighting       | 1 2 3 4 6 7 |  7.2
Stealth        | 3 4 5 6 7 9 |  9.2
Spellcasting   | 4 |  4.0
Invocations    | 2 4 |  4.5
Air Magic      | 2 3 |  3.4
Poison Magic   | 2 3 |  3.4
Shields        | 4 |  4.3
Conjurations   | 5 |  5.6
Dodging        | 3 |  3.7
Summonings     | |  1.0
Translocations | |  1.0

Action                   |  1- 3 |  4- 6 |  7- 9 | 10-12 || total
-------------------------+-------+-------+-------+-------++-------
Melee: Dagger            |    25 |   100 |    61 |     1 ||   187
       Bite              |     8 |    32 |    54 |    21 ||   115
       Unarmed           |       |    16 |    48 |       ||    64
       Hand axe          |       |    18 |    51 |       ||    69
       Morningstar       |       |       |    53 |    47 ||   100
Throw: Javelin           |     1 |       |    12 |     9 ||    22
 Cast: Magic Dart        |    62 |    59 |    99 |     8 ||   228
       Call Imp          |       |     2 |    34 |     3 ||    39
       Conjure Flame     |       |       |     3 |     1 ||     4
       Mephitic Cloud    |       |       |     1 |     4 ||     5
       Blink             |       |       |       |     2 ||     2
Invok: Bend Time         |       |     6 |    14 |     7 ||    27
Evoke: Wand              |       |     3 |       |       ||     3
  Use: Scroll            |     7 |     9 |     3 |     2 ||    21
       Potion            |     1 |     2 |     7 |     1 ||    11
 Stab: Sleeping          |     3 |     2 |     6 |     2 ||    13
       Distracted        |       |       |     2 |       ||     2
  Eat: Chunk             |       |     4 |     1 |       ||     5
       Ration            |       |       |     2 |       ||     2
Armor: Robe              |     7 |     7 |       |       ||    14
       Ring mail         |     4 |    27 |       |       ||    31
       Skin              |       |    13 |   112 |       ||   125
       Leather armour    |       |     4 |    56 |    12 ||    72
       Scale mail        |       |     1 |       |       ||     1
Dodge: Dodged            |    27 |   106 |   139 |    31 ||   303
Block: Other             |     2 |    11 |       |       ||    13
       Buckler           |       |       |    20 |    11 ||    31

Table legend:
 A = Turns spent in this place as a percentage of turns spent in the entire game.
 B = Non-inter-level travel turns spent in this place as a percentage of non-inter-level travel turns spent in the entire game.
 C = Inter-level travel turns spent in this place as a percentage of turns spent in this place.
 D = Turns resting spent in this place as a percentage of non-inter-level travel turns spent in this place.
 E = Turns spent auto-exploring this place as a percentage of non-inter-level travel turns spent in this place.
 F = Non-inter-level travel turns spent in this place divided by the number of levels of this place that you've seen.
                   A       B       C       D       E      F
               +-------+-------+-------+-------+-------+----------------------
         Total | 100.0 | 100.0 |   6.1 |   0.0 |   0.0 | 336.2
       Dungeon |  99.3 |  99.5 |   6.0 |   0.0 |   0.0 | 362.2
        Temple |   0.7 |   0.5 |  25.8 |   0.0 |   0.0 |  23.0
               +-------+-------+-------+-------+-------+----------------------

Table legend:
 A = Kills in this place as a percentage of kills in entire the game.
 B = Kills by you in this place as a percentage of kills by you in the entire game.
 C = Kills by friends in this place as a percentage of kills by friends in the entire game.
 D = Other kills in this place as a percentage of other kills in the entire game.
 E = Experience gained in this place as a percentage of experience gained in the entire game.
 F = Experience gained in this place divided by the number of levels of this place that you have seen.
                   A       B       C       D       E      F
               +-------+-------+-------+-------+-------+----------------------
         Total | 100.0 | 100.0 | 100.0 | 100.0 | 100.0 | 583.8
       Dungeon | 100.0 | 100.0 | 100.0 | 100.0 | 100.0 | 632.5
               +-------+-------+-------+-------+-------+----------------------

Vault maps used:
D:1:      sevenhm_arrival_forest_fort_large_2, st_stairs_13
D:3:      lemuel_castle_with_subvaults, minmay_item_behind_shaft,
          dk_yredelemnul_ordeal
D:4:      grunt_temple_overflow_opulence, grunt_temple_overflow_magic_moments,
          corexii_leaking_fountain
D:5:      kennysheep_little_box, nicolae_overflow_crystal_walls, temple_statues,
          first_ration
D:6:      cheibrodos_ashenzari_chains, lemuel_crystal_altar,
          minmay_misc_feat_rows, okawaru_metal_pillars_1_2
D:8:      nicolae_overflow_hidden_temple, grunt_temple_overflow_open,
          serial_undead, serial_undead_e, serial_undead_f, serial_undead_f,
          serial_undead_d, serial_undead_f, uniq_joseph, uniq_pikel
D:9:      blue_anna_alchemist
D:10:     minmay_the_grid_triangle_9x9_rhombus_thin_mashed,
          erik_lair_orcish_takeover, david_defended_altar_elf
D:11:     zombieorc1_lemuel
D:12:     serial_shops, shop_fountains, lab_entry_generic
Temple:   compressed_dpeg_circular_temple
